 Dungeon Crawl Stone Soup version 0.27.1-3-gb3d3a73c9e (webtiles) character file.

Game seed: 13012784663700823107

45 Crownlay the Chopper (level 3, -3/31 HPs)
             Began as a Minotaur Fighter on Oct 10, 2021.
             Killed by divine providence
             ... invoked by an orc priest
              (11 damage)
             ... on level 3 of the Dungeon.
             The game lasted 00:04:03 (1845 turns).

Crownlay the Chopper (Minotaur Fighter)             Turns: 1845, Time: 00:04:04

Health: -3/31      AC:  8    Str: 21    XL:     3   Next: 42%
Magic:  2/2        EV:  9    Int:  5    God:
Gold:   87         SH:  4    Dex:  9    Spells: 2/2 levels left

rFire    . . .     SeeInvis .   a - +0 war axe
rCold    . . .     Faith    .   j - +0 buckler {rPois}
rNeg     . . .     Spirit   .   b - +0 scale mail
rPois    +         Reflect  .   (helmet restricted)
rElec    .         Harm     .   (no cloak)
rCorr    .         Rampage  .   (no gloves)
Will     +....                  p - +0 pair of boots
Stlth    ..........             (no amulet)
HPRegen  0.10/turn              n - ring of willpower
MPRegen  0.08/turn              (no ring)

@: no status effects
A: horns 2, retaliatory headbutt
a: no special abilities


You were on level 3 of the Dungeon.
You visited 1 branch of the dungeon, and saw 3 of its levels.

You collected 87 gold pieces.

Inventory:

Hand Weapons
 a - a +0 war axe (weapon)
Armour
 b - a +0 scale mail (worn)
 c - a +0 kite shield
 j - a +0 buckler of poison resistance (worn)
 p - a +0 pair of boots (worn)
Jewellery
 n - a ring of willpower (left hand)
Scrolls
 e - a scroll of magic mapping {unknown}
 g - a scroll of teleportation {unknown}
 h - a scroll of identify {unknown}
 k - a scroll of fear {unknown}
 l - 2 scrolls of enchant weapon {unknown}
Potions
 d - a potion of might
 f - 2 potions of curing {unknown}
 i - 2 potions of heal wounds {unknown}
 m - a potion of brilliance {unknown}
 o - 2 potions of attraction {unknown}


   Skills:
 - Level 3.6 Fighting
 + Level 4.4 Axes
 - Level 3.6 Armour
 - Level 4.0 Shields


You had 2 spell levels left.
You didn't know any spells.
Your spell library was empty.

Dungeon Overview and Level Annotations

Branches:
Dungeon (3/15)

Altars:

Shops:
D:1 *[((=


Innate Abilities, Weirdness & Mutations

You have a pair of horns on your head.
You reflexively headbutt those who attack you in melee.


Message History

The orc hits you with a +0 whip. You block the orc's attack. x2
You hit the orc but do no damage.
The orc is severely wounded.
You completely miss the orc. You hit the orc. The orc barely misses you.
The orc hits you but does no damage. The orc hits you with a +0 club.
You barely miss the orc.
The orc is severely wounded.
You slash the orc!
You kill the orc!
You slash the orc!
You kill the orc!
The orc priest looks encouraged for a moment.
You block the orc's attack. The orc barely misses you.
You hit the orc.
You kill the orc!
You hit the orc priest. You block the orc priest's attack.
You barely miss the orc priest.
The orc priest is moderately wounded.
The orc priest begins to cast a cantrip, but forgets the words!
You closely miss the orc priest.
The orc priest is moderately wounded.
The orc priest barely misses you. The orc priest hits you with a +0 mace.
You barely miss the orc priest.
The orc priest is moderately wounded.
The orc priest hits you with a +0 mace.
You are too injured to fight recklessly!
You are too injured to fight recklessly!
You are too injured to fight recklessly!
You are too injured to fight recklessly!
You are too injured to fight recklessly!
You hit the orc priest. You headbutt the orc priest.
The orc priest is heavily wounded.
You hear the slow rusting of a drain nearby.
The orc priest hits you with a +0 mace.
* * * LOW HITPOINT WARNING * * *
You closely miss the orc priest. Your headbutt misses the orc priest.
The orc priest is heavily wounded.
The orc priest mumbles some strange prayers to Beogh against you.
Beogh smites you!
You die...

.# ###.### ....... ..
#<... ≈≈≈≈≈≈≈ .####.####
#.... ......:
......#......... .......
..(..#.####.### .......
.....# # .......
##.†####.###
......)######(..........
......o@.........##..###
......)######.#..# ..#
.###### ##.##.##..###
#............
##.##..#..###
#...........
#####.##.### #..#.#
##.#.#


You could see an orc priest.

Vanquished Creatures
  A worm (D:2)
  3 orcs (D:3)
  6 endoplasms
  4 giant cockroaches
  A goblin (D:2)
  5 hobgoblins
  A quokka (D:2)
  2 ball pythons
  4 bats
  2 frilled lizards
  3 kobolds (D:1)
  5 rats
37 creatures vanquished.

Notes
Turn   | Place    | Note
-------+----------+-------------------------------------------
     0 | D:1      | Crownlay the Minotaur Fighter began the quest for the Orb.
     0 | D:1      | Reached XP level 1. HP: 19/19 MP: 0/0
   223 | D:1      | Found Vadoz's Weapon Boutique.
   317 | D:1      | Reached XP level 2. HP: 22/26 MP: 1/1
   392 | D:1      | Found Jumu's Assorted Antiques.
   458 | D:1      | Found Ceuvoustruh's Armour Emporium.
   463 | D:1      | Found Botuacw's Antique Weapon Shop.
   658 | D:1      | Found Zarosch's Jewellery Shop.
   687 | D:1      | Found a faded altar of an unknown god.
  1316 | D:2      | Reached XP level 3. HP: 31/31 MP: 2/2
  1845 | D:3      | Killed from afar by an orc priest

Illustrated notes

Levels and vault maps discovered:
D:1:      lightli_arrival_farm, layout_basic, serial_shops, shop,
          nicolae_shop_waterfront, nicolae_diamond_shop, shop, shop,
          shapermc_ecumenical_altar_petra, hangedman_decor_lopped
D:2:      layout_basic, minmay_misc_feat_x
D:3:      layout_basic, mainiacjoe_overflow_brackets, portal_sewer_entry_d

Skill      XL: |  1  2 |
---------------+-------+-----
Axes           | 3 4 |  4.4
Shields        | 4 |  4.0
Fighting       | |  3.6
Armour         | |  3.6

Action                   || total
-------------------------++-------
Melee: War axe           ||    74
       Headbutt          ||    13
Armor: Scale mail        ||    28
Dodge: Dodged            ||    40
Block: Buckler           ||     9
